 Dungeon Crawl Stone Soup version 0.28-a0-674-gdaf460b524 (webtiles) character file.

Game seed: 2621677799486160933

3598 jasper the Carver (level 9, -12/69 HPs)
             Began as a Demonspawn Cinder Acolyte on Oct 17, 2021.
             Was an Initiate of Ignis.
             Killed by vampiric draining
             ... invoked by a vampire
              (14 damage)
             ... on level 7 of the Dungeon.
             The game lasted 00:18:58 (10754 turns).

jasper the Carver (Demonspawn Cinder Acolyte)      Turns: 10754, Time: 00:18:59

Health: -12/69     AC:  9    Str: 15    XL:     9   Next: 85%
Magic:  10/10      EV: 13    Int: 21    God:    Ignis [......]
Gold:   392        SH:  8    Dex: 17    Spells: 5/10 levels left

rFire   + + +      SeeInvis .   v - +11 quarterstaff of the Hundredfold Knives {flame, rF+ Will- Dex+5}
rCold   + . .      Faith    .   (shield currently unavailable)
rNeg    . . .      Spirit   .   q - +1 ring mail {rPois}
rPois   +          Reflect  .   B - +0 helmet
rElec   .          Harm     .   u - scarf {rC+ rF+}
rCorr   .          Rampage  .   (no gloves)
Will    .....                   E - +0 pair of boots
Stlth   +.........              (no amulet)
HPRegen 0.21/turn               F - +6 ring of intelligence
MPRegen 0.12/turn               (no ring)

@: hasted, very quick
A: large bone plates 3, weakness stinger 1
a: Renounce Religion


You were on level 7 of the Dungeon.
You worshipped Ignis.
Ignis was noncommittal.
You visited 2 branches of the dungeon, and saw 8 of its levels.

You collected 482 gold pieces.
You spent 90 gold pieces at shops.

Inventory:

Hand Weapons
 a - a -1 falchion of flaming
 h - a +0 scimitar
 k - a +0 antimagic dagger
 r - a +0 long sword
 v - the +11 quarterstaff of the Hundredfold Knives (weapon) {flame, rF+ Will- Dex+5}
   (You took it off a hobgoblin on level 4 of the Dungeon)

   It burns those it strikes, dealing additional fire damage.
   Dex:       It affects your dexterity (+5).
   rF:        It protects you from fire.
   Will:      It decreases your willpower.
 z - a +0 vampiric long sword
Missiles
 e - 246 stones
 i - 40 poisoned darts
 l - 45 bolts
 n - a silver boomerang (quivered)
 p - 7 boomerangs
 I - a throwing net
 J - a curare-tipped dart
Armour
 b - a +0 robe
 d - a +0 leather armour
 f - a +0 pair of boots
 q - a +1 ring mail of poison resistance (worn)
 s - a +0 cloak
 t - a +0 chain mail of cold resistance
 u - a scarf of resistance (worn)
 y - a +0 troll leather armour
 B - a +0 helmet (worn)
 E - a +0 pair of boots (worn)
 G - a +0 scale mail
Jewellery
 D - a ring of fire
 F - a +6 ring of intelligence (left hand)
Scrolls
 w - 3 scrolls of amnesia
Potions
 c - 3 potions of attraction
 j - 3 potions of mutation
 o - a potion of cancellation
 A - a potion of lignification
 C - a potion of resistance {unknown}
 H - a potion of might {unknown}


   Skills:
 + Level 6.2 Fighting
 - Level 10.1 Long Blades
 + Level 4.8 Armour
 + Level 4.8 Dodging
 - Level 1.0 Spellcasting
 - Level 2.6 Fire Magic


You had 5 spell levels left.
You knew the following spells:

 Your Spells              Type           Power      Damage    Failure   Level
a - Scorch                Fire           24%        2d6       16%         2
b - Frozen Ramparts       Ice            2%         1d2       65%         3

Your spell library contained the following spells:

 Spells                   Type           Power      Damage    Failure   Level
 Freeze                   Ice            4%         1d3       30%         1
 Static Discharge         Conj/Air       1%         N/A       41%         2
 Sublimation of Blood     Necr           0%         N/A       41%         2
 Gell's Gravitas          Tloc           0%         N/A       65%         3
 Lesser Beckoning         Tloc           1%         N/A       65%         3
 Teleport Other           Tloc           1%         N/A       65%         3
 Hailstorm                Conj/Ice       1%         3d3       96%         4
 Petrify                  Tmut/Erth      1%         N/A       96%         4
 Irradiate                Conj/Tmut      0%         3d13      100%        5
 Iskenderun's Battlesphe  Conj           1%         2d6       100%        5
 Lightning Bolt           Conj/Air       0%         1d11      100%        5
 Iron Shot                Conj/Erth      0%         9d1       100%        6
 Spellforged Servitor     Conj/Summ      0%         N/A       100%        7
 Maxwell's Capacitive Co  Air            0%         ∞         100%        8


Dungeon Overview and Level Annotations

Branches:
Dungeon (7/15)             Temple (1/1) D:6

Altars:
Ashenzari
Cheibriados
Dithmenos
Kikubaaqudgha
Okawaru
Qazlal
Ru
Sif Muna
Vehumet
Wu Jian
Yredelemnul
Zin
The Shining One


Innate Abilities, Weirdness & Mutations

You are completely covered in large bone plates. (SH +8)
You have a small tail.


Message History

You sock something! You burn something. Something draws life force from you!
Something hits you but does no damage. Something bites you but does no damage.
You take 13 damage, and have 40/103 hp.
You hit something. You burn something. Something draws life force from you!
* * * LOW HITPOINT WARNING * * *
You take 14 damage, and have 26/103 hp.
You completely miss something. Something hits you but does no damage.
Something bites you.
* * * LOW HITPOINT WARNING * * *
Something draws strength from your injuries!
You take 1 damage, and have 25/103 hp.
You feel better. Something hits you but does no damage.
Something bites you but does no damage.
You regained 11 hp, and now have 36/103 hp.
You hit something. You burn something. Something hits you but does no damage.
Something bites you but does no damage.
You feel yourself speed up. Something draws life force from you!
* * * LOW HITPOINT WARNING * * *
You take 16 damage, and have 20/103 hp.
You barely miss something. Something hits you but does no damage.
Something bites you but does no damage.
You barely miss something.
You feel less wooden.
Your scarf of resistance unmelds from your body.
Your +0 helmet unmelds from your body.
Your +0 pair of boots unmelds from your body.
Your +1 ring mail of poison resistance unmelds from your body.
You feel resistant to extremes of temperature.
You feel resistant to poison. Something hits you.
* * * LOW HITPOINT WARNING * * *
Something bites you but does no damage.
You now have 10/69 hp.
You hit something. You burn something. Something hits you but does no damage.
Something bites you!
* * * LOW HITPOINT WARNING * * *
Something draws strength from your injuries!
You take 8 damage, and have 2/69 hp.
You thump something! You burn something.
Your tail-slap misses something.
Something draws life force from you!
You die...

#........#.............#####
#.####.#.#......######.#
##.####.#.##..##.# #.#
#.......#.....##.# #.#
#####..#########.###. #.# ##
.......# #.# #.## #.# #.
#####.## #.# #..## #.# #. .#
#.# #.###...## #.# #. #..
... #@##.....###.# #.
####.#. #.{..........# #.
#.### ####.....########. ###
##...##........
#.?..........<
#..###.####### ## #..# #.#
.#### #..# #.# ..... #..#
#.#


There were no monsters in sight!

Vanquished Creatures
  A deep elf pyromancer (D:6)
  A gargoyle (D:7)
  A troll (D:5)
  Menkaure (D:5)
  Duvessa (D:4)
  An acid dragon (D:7)
  A water moccasin (D:7)
  An orc warrior (D:7)
  2 black bears (D:6)
  A necrophage (D:6)
  An ice beast (D:6)
  An ogre (D:4)
  2 centaurs (D:7)
  A phantom (D:6)
  A kobold brigand (D:7)
  A bullfrog (D:6)
  Dowan (D:4)
  5 killer bees (D:7)
  8 wights
  A centaur zombie (D:6)
  A hound (D:6)
  A jelly (D:7)
  A bullfrog skeleton (D:6)
  4 orc priests
  An iguana (D:6)
  3 orc wizards
  A killer bee zombie (D:6)
  13 gnolls
  10 adders
  A howler monkey skeleton (D:7)
  A river rat (D:6)
  A white imp (D:6)
  2 ufetubi
  An adder skeleton (D:4)
  2 worms (D:2)
  2 dart slugs
  12 orcs
  8 bats
  5 endoplasms
  5 giant cockroaches
  6 goblins
  4 hobgoblins
  5 jackals
  9 kobolds
  6 quokkas
  10 ball pythons
  3 frilled lizards (D:1)
  12 rats
163 creatures vanquished.

Vanquished Creatures (others)
  139 foxfires
139 creatures vanquished.

Grand Total: 302 creatures vanquished

Notes
Turn   | Place    | Note
-------+----------+-------------------------------------------
     0 | D:1      | jasper the Demonspawn Cinder Acolyte began the quest for
                  | the Orb.
     0 | D:1      | Reached XP level 1. HP: 18/18 MP: 2/2
   240 | D:1      | Reached skill level 3 in Long Blades
   416 | D:1      | Gained mutation: You are partially covered in large bone
                  | plates. (SH +4) [demonic ancestry]
   416 | D:1      | Reached XP level 2. HP: 20/24 MP: 3/3
   950 | D:1      | Found a faded altar of an unknown god.
   969 | D:1      | You fall into a shaft and drop 1 floor!
   996 | D:2      | Reached skill level 4 in Long Blades
   996 | D:2      | Gained mutation: You have a small tail. [demonic ancestry]
   996 | D:2      | Reached XP level 3. HP: 26/29 MP: 4/4
  1510 | D:2      | Gained mutation: You are mostly covered in large bone
                  | plates. (SH +6) [demonic ancestry]
  1510 | D:2      | Reached XP level 4. HP: 33/35 MP: 5/5
  1517 | D:2      | Found a sacrificial altar of Ru.
  2110 | D:2      | Reached skill level 5 in Long Blades
  2230 | D:3      | Gained mutation: You are completely covered in large bone
                  | plates. (SH +8) [demonic ancestry]
  2230 | D:3      | Reached XP level 5. HP: 23/41 MP: 6/6
  2754 | D:3      | Found a stormy altar of Qazlal.
  2758 | D:3      | Learned a level 2 spell: Scorch
  2762 | D:3      | Learned a level 3 spell: Frozen Ramparts
  2773 | D:3      | Found a broken altar of Ashenzari.
  2778 | D:3      | Found a radiant altar of Vehumet.
  2778 | D:3      | Found an ancient bone altar of Kikubaaqudgha.
  2781 | D:3      | Found an ornate altar of the Wu Jian Council.
  2782 | D:3      | Found an iron altar of Okawaru.
  2996 | D:3      | HP: 1/41 [gnoll (7)]
  4113 | D:4      | Found Zin's Purification Station.
  4117 | D:4      | Noticed an ogre
  4121 | D:4      | Killed an ogre
  4122 | D:4      | Reached skill level 6 in Long Blades
  4122 | D:4      | Reached XP level 6. HP: 47/47 MP: 7/7
  4123 | D:4      | Bought a potion of curing for 90 gold pieces
  4507 | D:4      | Noticed Duvessa
  4508 | D:4      | Noticed Dowan
  4520 | D:4      | Killed Duvessa
  4536 | D:4      | Killed Dowan
  4537 | D:4      | Reached skill level 7 in Long Blades
  5018 | D:4      | Identified the +11 quarterstaff of the Hundredfold Knives
                  | {flame, rF+ Will- Dex+5}
  5030 | D:5      | Entered Level 5 of the Dungeon
  5156 | D:5      | Noticed a troll
  5247 | D:4      | Reached XP level 7. HP: 49/50 MP: 8/8
  5398 | D:5      | Noticed Menkaure
  5414 | D:5      | Killed Menkaure
  5415 | D:5      | Reached skill level 8 in Long Blades
  5555 | D:5      | Found a basalt altar of Yredelemnul.
  5716 | D:5      | Killed a troll
  6332 | D:6      | Reached skill level 9 in Long Blades
  6332 | D:6      | Reached XP level 8. HP: 57/58 MP: 9/9
  6367 | D:6      | Found a shimmering blue altar of Sif Muna.
  6871 | D:6      | Reached skill level 10 in Long Blades
  7205 | D:6      | Found a staircase to the Ecumenical Temple.
  7254 | D:6      | Reached skill level 1 in Armour
  7254 | D:6      | Reached skill level 1 in Dodging
  8164 | Temple   | Entered the Ecumenical Temple
  8386 | D:7      | Reached XP level 9. HP: 48/65 MP: 10/10
  9114 | D:7      | Noticed a deep elf pyromancer
  9116 | D:7      | Noticed a gargoyle
  9117 | D:7      | Reached skill level 5 in Fighting
  9130 | D:6      | Killed a deep elf pyromancer
  9309 | D:7      | Killed a gargoyle
  9523 | D:7      | HP: 2/69 [something (10)]
 10418 | D:7      | Noticed a five-headed hydra
 10753 | D:7      | HP: 2/69 [something (8)]
 10754 | D:7      | Killed from afar by a vampire

Illustrated notes

Levels and vault maps discovered:
D:1:      sevenhm_arrival_forest_fort_large_2, layout_loops_ring,
          ebering_ecumenical_altar_box, minmay_crystal_water
D:2:      layout_basic, basic_altar, minmay_diced_spiral
D:3:      layout_rooms, minitemple
D:4:      layout_basic, zin_purify, uniq_duvessa
D:5:      layout_basic, lemuel_round_altar, uniq_menkaure
D:6:      layout_cave_pools, mainiacjoe_overflow_24_doors,
          minmay_temple_entry_ruins, gup_sewer_entry_spiral,
          serial_column_ruins, column_ruins_open_medium, column_ruins_grid_1,
          column_ruins_corridor_corner, kennysheep_decorative_pillar,
          minmay_puff
D:7:      minmay_blocky_corners, layout_loops_ring, minivault_22,
          kennysheep_dice
Temple:   cyrus_circular_temple

Skill      XL: |  1  2  3  4  5  6  7  8  9 |
---------------+----------------------------+-----
Long Blades    | 3 4 5 6 7 9 10 | 10.1
Armour         | 2 4 |  4.8
Dodging        | 2 4 |  4.8
Fighting       | 4 6 |  6.2
Spellcasting   | |  1.0
Fire Magic     | |  2.6

Action                   |  1- 3 |  4- 6 |  7- 9 || total
-------------------------+-------+-------+-------++-------
Melee: Falchion          |   102 |   156 |    18 ||   276
       Tailslap          |     1 |     9 |    34 ||    44
       Long sword        |       |       |    67 ||    67
       Quarterstaff      |       |       |   172 ||   172
Throw: Stone             |    21 |    32 |     5 ||    58
       Dart              |    15 |    49 |    32 ||    96
       Boomerang         |       |     3 |     5 ||     8
       Throwing net      |       |     1 |     2 ||     3
Invok: Foxfire Swarm     |     3 |     8 |       ||    11
  Use: Scroll            |       |     5 |     3 ||     8
       Potion            |       |       |    12 ||    12
Armor: Robe              |     7 |       |       ||     7
       Leather armour    |    35 |     9 |       ||    44
       Ring mail         |       |    29 |    85 ||   114
       Skin              |       |       |    34 ||    34
Dodge: Dodged            |    73 |    66 |    97 ||   236
Block: Other             |    19 |    56 |    99 ||   174

Table legend: (Time is in decaauts)
 A = Elapsed time spent in this place.
 B = Non-inter-level travel time spent in this place.
 C = Inter-level travel time spent in this place.
 D = Time resting spent in this place.
 E = Time spent auto-exploring this place.
 F = Levels seen in this place.
 G = Mean time per level.
                   A        B        C        D        E       F      G
               +--------+--------+--------+--------+--------+-----+--------+
         Total |  10864 |  10475 |    389 |   3725 |   4363 |   8 | 1358.0 |
       Dungeon |  10862 |  10473 |    389 |   3725 |   4363 |   7 | 1551.7 |
        Temple |      1 |      1 |      0 |      0 |      0 |   1 |    1.0 |
               +--------+--------+--------+--------+--------+-----+--------+

Top non-repeatable levels by time:
     D:6: 2234 daAuts
     D:4: 1954 daAuts
     D:3: 1643 daAuts
     D:7: 1639 daAuts
     D:1: 1292 daAuts
     D:5: 1123 daAuts
     D:2: 974 daAuts
  Temple: 1 daAuts
